[ AOE2 MATCH · #508078466 ]
UnrankedSlavs vs Berbers
Player's team · WIN
Rival team · LOSS
[ REPLAY ANALYSIS · EXTRACTED FROM THE RECORDED GAME ]
Feudal
11:04
Castle
20:36
Imperial
32:28
| APM avg | 38.7 |
| APM peak | 59 |
| eAPM avg | 19.7 |
| Villagers / military | 136 / 39 |
Focus
⚔️ 28.2% · 🌾 71.8%
Spearman ×25 · Scout Cavalry ×4 · Boyar ×3 · Militia ×3 · Monk ×2 · Trebuchet (Packed) ×2
Feudal
8:52
Castle
20:33
Imperial
—
| APM avg | 46.6 |
| APM peak | 76 |
| eAPM avg | 21.1 |
| Villagers / military | 84 / 68 |
Focus
⚔️ 33.4% · 🌾 66.6%
Knight ×43 · Skirmisher ×10 · Scorpion ×4 · Camel Archer ×4 · Spearman ×3 · Scout Cavalry ×3
Match map
Initial resources + every placement click. Lines = walls · curves = elevation contours. ◆ gold · ⬟ stone · ● berries · ✦ relic · ◌ wall gap
Your base· ✓ Closed at 20:36 · 7t walls · no gate
7仔's base· Open — opponent sealed themselves in
Smoothed initial terrain · ◌ = detected wall gap · hover for details
Inputs per minute
— [RGV]saltychobos - - 7仔
Build order — [RGV]saltychobos
First 150 of 303 actions detected
| 0:00 | Queue | Villager (Male) |
| 0:02 | Build | House |
| 0:03 | Build | House |
| 0:23 | Queue | Villager (Male) |
| 0:24 | Queue | Villager (Male) |
| 0:24 | Queue | Villager (Male) |
| 0:24 | Queue | Villager (Male) |
| 1:27 | Queue | Villager (Male) |
| 1:27 | Queue | Villager (Male) |
| 1:53 | Build | Lumber Camp |
| 1:59 | Queue | Villager (Male) |
| 2:00 | Queue | Villager (Male) |
| 2:19 | Queue | Villager (Male) |
| 2:19 | Queue | Villager (Male) |
| 2:49 | Queue | Villager (Male) |
| 3:02 | Queue | Villager (Male) |
| 3:02 | Queue | Villager (Male) |
| 3:35 | Queue | Villager (Male) |
| 3:36 | Queue | Villager (Male) |
| 3:59 | Build | House |
| 4:07 | Queue | Villager (Male) |
| 4:36 | Build | Barracks |
| 4:43 | Queue | Villager (Male) |
| 4:44 | Queue | Villager (Male) |
| 5:02 | Queue | Villager (Male) |
| 5:08 | Build | House |
| 5:23 | Queue | Villager (Male) |
| 5:36 | Queue | Villager (Male) |
| 6:01 | Build | House |
| 6:02 | Queue | Militia |
| 6:02 | Queue | Militia |
| 6:17 | Queue | Villager (Male) |
| 6:23 | Queue | Militia |
| 6:43 | Queue | Villager (Male) |
| 6:43 | Queue | Villager (Male) |
| 6:47 | Build | Mill |
| 7:24 | Queue | Villager (Male) |
| 7:25 | Queue | Villager (Male) |
| 7:25 | Queue | Villager (Male) |
| 8:03 | Research | Loom |
| 8:31 | Research | Feudal Age |
| 8:36 | Build | Lumber Camp |
| 9:31 | Build | Mining Camp |
| 9:51 | Queue | Villager (Male) |
| 11:04 | Age | Feudal Age |
| 11:06 | Research | Man-at-Arms (upgrade) |
| 11:12 | Research | Double-Bit Axe |
| 11:14 | Build | Stable |
| 11:17 | Build | House |
| 11:22 | Queue | Villager (Male) |
| 11:27 | Research | Horse Collar |
| 11:38 | Queue | Villager (Male) |
| 11:40 | Build | Farm |
| 11:43 | Build | Farm |
| 11:46 | Build | Farm |
| 11:56 | Build | Farm |
| 12:01 | Build | Farm |
| 12:15 | Queue | Villager (Male) |
| 12:19 | Build | Farm |
| 12:23 | Build | House |
| 12:32 | Queue | Villager (Male) |
| 12:40 | Build | Farm |
| 12:46 | Build | House |
| 12:46 | Queue | Scout Cavalry |
| 13:02 | Build | Blacksmith |
| 13:08 | Build | House |
| 13:11 | Queue | Villager (Male) |
| 13:14 | Build | Farm |
| 13:25 | Queue | Scout Cavalry |
| 13:30 | Build | Farm |
| 13:39 | Build | Palisade Wall |
| 13:49 | Build | Farm |
| 13:52 | Build | Farm |
| 13:56 | Queue | Villager (Male) |
| 14:12 | Build | House |
| 14:15 | Build | Palisade Wall |
| 14:18 | Queue | Villager (Male) |
| 14:26 | Queue | Villager (Male) |
| 14:30 | Build | Farm |
| 14:49 | Build | House |
| 14:52 | Build | Palisade Wall |
| 14:55 | Build | Farm |
| 15:04 | Queue | Villager (Male) |
| 15:12 | Build | Farm |
| 15:14 | Build | Farm |
| 15:35 | Queue | Villager (Male) |
| 15:37 | Queue | Scout Cavalry |
| 15:42 | Build | Farm |
| 15:46 | Build | Farm |
| 16:02 | Queue | Villager (Male) |
| 16:07 | Build | Farm |
| 16:11 | Build | Farm |
| 16:13 | Queue | Villager (Male) |
| 16:15 | Build | Farm |
| 16:36 | Queue | Villager (Male) |
| 16:50 | Queue | Villager (Male) |
| 16:51 | Build | Farm |
| 16:56 | Build | Farm |
| 17:56 | Research | Castle Age |
| 18:14 | Queue | Villager (Male) |
| 18:23 | Research | Gold Mining |
| 18:32 | Research | Scale Mail Armor |
| 18:32 | Research | Scale Mail Armor |
| 19:02 | Research | Forging |
| 19:06 | Queue | Spearman |
| 19:06 | Queue | Spearman |
| 19:06 | Queue | Spearman |
| 19:37 | Queue | Villager (Male) |
| 19:42 | Queue | Scout Cavalry |
| 20:09 | Build | Mining Camp |
| 20:36 | Age | Castle Age |
| 20:39 | Build | Town Center |
| 20:42 | Queue | Villager (Male) |
| 20:53 | Build | Town Center |
| 20:55 | Research | Pikeman (upgrade) |
| 20:56 | Research | Chain Mail Armor |
| 21:03 | Queue | Villager (Male) |
| 21:05 | Research | Bow Saw |
| 21:20 | Queue | Spearman |
| 21:21 | Queue | Spearman |
| 21:25 | Research | Heavy Plow |
| 21:26 | Queue | Villager (Male) |
| 21:50 | Queue | Villager (Male) |
| 21:50 | Queue | Villager (Male) |
| 22:01 | Build | Monastery |
| 22:05 | Queue | Villager (Male) |
| 22:06 | Queue | Villager (Male) |
| 22:06 | Queue | Villager (Male) |
| 22:14 | Queue | Spearman |
| 22:15 | Queue | Villager (Male) |
| 22:25 | Queue | Villager (Male) |
| 22:42 | Queue | Spearman |
| 22:43 | Queue | Spearman |
| 22:43 | Queue | Villager (Male) |
| 22:43 | Queue | Villager (Male) |
| 22:53 | Queue | Villager (Male) |
| 22:53 | Queue | Villager (Male) |
| 23:06 | Build | Farm |
| 23:08 | Queue | Villager (Male) |
| 23:09 | Queue | Villager (Male) |
| 23:17 | Queue | Monk |
| 23:17 | Queue | Monk |
| 23:20 | Queue | Villager (Male) |
| 23:21 | Queue | Villager (Male) |
| 23:24 | Build | Farm |
| 23:40 | Queue | Villager (Male) |
| 23:41 | Queue | Villager (Male) |
| 23:43 | Build | Farm |
| 23:44 | Queue | Villager (Male) |
| 23:51 | Queue | Villager (Male) |
Build order — 7仔
First 150 of 258 actions detected
| 0:00 | Queue | Villager (Male) |
| 0:01 | Queue | Villager (Male) |
| 0:01 | Queue | Villager (Male) |
| 0:01 | Queue | Villager (Male) |
| 0:02 | Build | House |
| 0:03 | Build | House |
| 1:24 | Queue | Villager (Male) |
| 1:53 | Build | Lumber Camp |
| 2:01 | Queue | Villager (Male) |
| 2:21 | Queue | Villager (Male) |
| 2:54 | Queue | Villager (Male) |
| 2:55 | Queue | Villager (Male) |
| 2:55 | Queue | Villager (Male) |
| 3:35 | Build | House |
| 3:44 | Queue | Villager (Male) |
| 4:09 | Queue | Villager (Male) |
| 4:17 | Build | Mill |
| 4:19 | Queue | Villager (Male) |
| 4:40 | Queue | Villager (Male) |
| 4:42 | Queue | Villager (Male) |
| 5:45 | Queue | Villager (Male) |
| 6:15 | Research | Loom |
| 6:42 | Research | Feudal Age |
| 6:42 | Research | Feudal Age |
| 7:55 | Build | Barracks |
| 8:14 | Queue | Villager (Male) |
| 8:28 | Build | House |
| 8:40 | Build | Palisade Wall |
| 8:52 | Age | Feudal Age |
| 8:56 | Build | House |
| 8:57 | Build | Palisade Wall |
| 9:00 | Build | Palisade Gate |
| 9:01 | Queue | Villager (Male) |
| 9:07 | Build | Archery Range |
| 9:26 | Queue | Villager (Male) |
| 9:48 | Build | House |
| 9:50 | Queue | Skirmisher |
| 10:03 | Queue | Villager (Male) |
| 10:04 | Research | Double-Bit Axe |
| 10:21 | Queue | Skirmisher |
| 10:29 | Build | Farm |
| 10:29 | Build | Farm |
| 10:30 | Queue | Villager (Male) |
| 10:44 | Queue | Villager (Male) |
| 10:46 | Build | Farm |
| 10:52 | Queue | Skirmisher |
| 11:09 | Build | Farm |
| 11:14 | Queue | Skirmisher |
| 11:23 | Queue | Villager (Male) |
| 11:27 | Build | Farm |
| 11:52 | Queue | Skirmisher |
| 11:53 | Queue | Villager (Male) |
| 11:55 | Build | Farm |
| 12:20 | Queue | Villager (Male) |
| 12:22 | Build | Farm |
| 12:31 | Queue | Skirmisher |
| 12:35 | Build | Farm |
| 12:39 | Build | House |
| 12:39 | Build | House |
| 12:41 | Queue | Villager (Male) |
| 12:44 | Queue | Skirmisher |
| 13:15 | Build | Farm |
| 13:24 | Queue | Archer |
| 13:27 | Queue | Villager (Male) |
| 13:34 | Build | Blacksmith |
| 13:35 | Build | House |
| 13:46 | Build | Farm |
| 13:47 | Queue | Villager (Male) |
| 13:51 | Build | Palisade Wall |
| 13:55 | Queue | Villager (Male) |
| 13:57 | Build | Farm |
| 13:59 | Build | Farm |
| 14:10 | Build | Farm |
| 14:18 | Queue | Villager (Male) |
| 14:37 | Build | Mining Camp |
| 14:50 | Build | Farm |
| 15:03 | Queue | Villager (Male) |
| 15:06 | Build | Farm |
| 15:20 | Queue | Spearman |
| 15:38 | Build | Farm |
| 15:43 | Queue | Spearman |
| 15:46 | Queue | Villager (Male) |
| 16:05 | Build | Farm |
| 16:13 | Queue | Villager (Male) |
| 16:16 | Build | Palisade Wall |
| 16:38 | Research | Wheelbarrow |
| 16:38 | Research | Wheelbarrow |
| 17:10 | Build | Stable |
| 17:17 | Queue | Spearman |
| 17:46 | Research | Castle Age |
| 17:46 | Research | Castle Age |
| 18:19 | Build | Stable |
| 18:20 | Research | Gold Mining |
| 18:20 | Research | Gold Mining |
| 18:31 | Research | Scale Barding Armor |
| 18:44 | Build | Lumber Camp |
| 19:10 | Research | Bloodlines |
| 19:10 | Queue | Scout Cavalry |
| 19:32 | Build | Farm |
| 19:34 | Research | Forging |
| 20:10 | Queue | Villager (Male) |
| 20:17 | Build | Farm |
| 20:25 | Build | House |
| 20:26 | Build | Palisade Wall |
| 20:33 | Age | Castle Age |
| 20:34 | Queue | Knight |
| 20:35 | Queue | Knight |
| 20:44 | Queue | Villager (Male) |
| 20:54 | Research | Bow Saw |
| 20:54 | Research | Bow Saw |
| 21:19 | Queue | Knight |
| 21:19 | Queue | Knight |
| 21:26 | Queue | Knight |
| 21:27 | Queue | Knight |
| 21:28 | Queue | Villager (Male) |
| 21:30 | Queue | Villager (Male) |
| 21:39 | Research | Husbandry |
| 21:44 | Queue | Villager (Male) |
| 21:59 | Build | Farm |
| 22:00 | Research | Horse Collar |
| 22:10 | Queue | Knight |
| 22:42 | Queue | Villager (Male) |
| 22:59 | Queue | Villager (Male) |
| 23:17 | Build | Town Center |
| 23:30 | Queue | Knight |
| 23:30 | Queue | Knight |
| 23:31 | Queue | Villager (Male) |
| 23:42 | Research | Light Cavalry (upgrade) |
| 23:45 | Build | Farm |
| 23:59 | Build | House |
| 24:04 | Queue | Knight |
| 24:04 | Queue | Knight |
| 24:19 | Queue | Villager (Male) |
| 24:19 | Queue | Villager (Male) |
| 24:24 | Build | Farm |
| 24:29 | Build | Farm |
| 24:31 | Build | Farm |
| 24:34 | Queue | Villager (Male) |
| 24:35 | Queue | Knight |
| 24:43 | Queue | Scout Cavalry |
| 24:50 | Build | Farm |
| 24:50 | Queue | Villager (Male) |
| 24:53 | Queue | Knight |
| 25:04 | Research | Gold Shaft Mining |
| 25:04 | Research | Gold Shaft Mining |
| 25:09 | Queue | Villager (Male) |
| 25:12 | Queue | Villager (Male) |
| 25:18 | Build | Farm |
| 25:19 | Queue | Villager (Male) |
| 25:27 | Build | House |
Match timeline
| 4:36 | [RGV]saltychobos · first_building Barracks |
| 7:55 | 7仔 · first_building Barracks |
| 8:40 | 7仔 · wall_segment Palisade Wall x11 |
| 8:52 | 7仔 · age_up feudal |
| 8:57 | 7仔 · wall_segment Palisade Wall x1 |
| 9:07 | 7仔 · first_building Archery Range |
| 11:04 | [RGV]saltychobos · age_up feudal |
| 11:14 | [RGV]saltychobos · first_building Stable |
| 13:39 | [RGV]saltychobos · wall_segment Palisade Wall x5 |
| 13:51 | 7仔 · wall_segment Palisade Wall x1 |
| 14:15 | [RGV]saltychobos · wall_segment Palisade Wall x1 |
| 14:52 | [RGV]saltychobos · wall_segment Palisade Wall x1 |
| 16:16 | 7仔 · wall_segment Palisade Wall x1 |
| 17:10 | 7仔 · first_building Stable |
| 20:26 | 7仔 · wall_segment Palisade Wall x1 |
| 20:33 | 7仔 · age_up castle |
| 20:36 | [RGV]saltychobos · age_up castle |
| 22:01 | [RGV]saltychobos · first_building Monastery |
| 26:29 | 7仔 · first_building Siege Workshop |
| 30:02 | [RGV]saltychobos · first_building Castle |
| 30:07 | [RGV]saltychobos · first_building Siege Workshop |
| 31:02 | 7仔 · first_building Castle |
| 32:28 | [RGV]saltychobos · age_up imperial |
| 35:00 | 7仔 · resign |
[ AI ANALYSIS · 1 CREDIT ]
What really happened in this match?
Wolo.gg analyzes every decision: build order, eco, micro, common mistakes by bracket. Personalized analysis on WhatsApp or Discord in 30 seconds.
Civ guide
Slavs
Perfil
Jugador #22025386